 Dungeon Crawl Stone Soup version 0.22.1-1-ga44c0e5 (webtiles) character file.

149 yevrey the Caller (level 5, -1/29 HPs)
             Began as a Tengu Summoner on Oct 15, 2018.
             Slain by a killer bee (5 damage)
             ... on level 4 of the Dungeon.
             The game lasted 00:13:32 (3858 turns).

yevrey the Caller (Tengu Summoner)                  Turns: 3858, Time: 00:13:32

Health: -1/29      AC:  2    Str:  9    XL:     5   Next: 31%
Magic:  10/10      EV: 13    Int: 15    God:
Gold:   245        SH:  0    Dex: 18    Spells: 3/9 levels left

rFire    . . .     SeeInvis .   d - +0 dagger
rCold    . . .     Gourm    .   (no shield)
rNeg     + . .     Faith    .   a - +0 robe
rPois    .         Spirit   .   (helmet restricted)
rElec    .         Reflect  .   (no cloak)
rCorr    .         Harm     .   (no gloves)
MR       .....                  (boots unavailable)
Stlth    +.........             (no amulet)
HPRegen  0.09/turn              s - +3 ring of dexterity
MPRegen  0.12/turn              r - ring of positive energy

@: confused, lethally poisoned (-1 -> -10)
A: beak, talons 3, able to fly 1
a: Fly


You were on level 4 of the Dungeon.
You were hungry.

You visited 2 branches of the dungeon, and saw 6 of its levels.

You collected 245 gold pieces.

Inventory:

Hand Weapons
 d - a +0 dagger (weapon)
 t - a +0 war axe
Missiles
 i - 27 arrows
Armour
 a - a +0 robe (worn)
 e - +0 gold dragon scales
 k - a +0 buckler
Jewellery
 r - a ring of positive energy (right hand)
 s - a +3 ring of dexterity (left hand)
 u - an uncursed ring of positive energy
Scrolls
 f - 2 scrolls of magic mapping {unknown}
 g - 2 scrolls of identify
 j - a scroll of enchant weapon {unknown}
 m - 2 scrolls of teleportation {unknown}
 p - a scroll of blinking {unknown}
 q - a scroll of remove curse {unknown}
Potions
 b - 2 potions of brilliance {unknown}
 h - 2 potions of heal wounds {unknown}
 l - a potion of curing {unknown}
 n - 2 potions of haste {unknown}
 o - 2 potions of ambrosia
 v - a potion of lignification {unknown}
Comestibles
 c - 8 rations


   Skills:
 * Level 1.2 Fighting
 + Level 0.9 Short Blades
 * Level 1.8 Armour
 + Level 2.6 Dodging
 + Level 2.6 Stealth
 * Level 1.0 Shields
 + Level 2.8 Spellcasting
 + Level 5.4 Summonings


You had 3 spell levels left.
You knew the following spells:

 Your Spells              Type           Power        Failure   Level  Hunger
a - Summon Small Mammal   Summ           ###.         2%          1    #......
b - Call Imp              Summ           ###.....     3%          2    ##.....
c - Call Canine Familiar  Summ           ###.....     7%          3    ###....

Your spell library contained the following spells:

 Spells                   Type           Power        Failure   Level  Hunger
 Animate Skeleton         Necr           N/A          21%         1    #......
 Apportation              Tloc           #.....       21%         1    #......
 Confusing Touch          Hex            #.....       21%         1    #......
 Summon Guardian Golem    Hex/Summ       ##......     21%         3    ###....
 Summon Ice Beast         Ice/Summ       ##......     54%         4    #####..
 Summon Lightning Spire   Summ/Air       ##......     54%         4    #####..


Dungeon Overview and Level Annotations

Branches:
Dungeon (5/15)             Temple (1/1) D:5

Altars:
Ashenzari
Cheibriados
Dithmenos
Elyvilon
Gozag
Hepliaklqana
Kikubaaqudgha
Makhleb
Okawaru
Qazlal
Ru
Uskayaw
Wu Jian
Xom
Yredelemnul
Zin
The Shining One


Innate Abilities, Weirdness & Mutations

You have a beak for a mouth.
You have claws for feet.
You can fly.


Message History

The ogre shouts!
The killer bee closely misses you. The killer bee barely misses you.
The killer bee closely misses you.
You feel sick. The killer bee stings you. The killer bee barely misses you.
There is a stone staircase leading up here.
You feel sick. The killer bee completely misses you.
The killer bee barely misses you. The killer bee stings you.
* * * LOW HITPOINT WARNING * * *
You are more poisoned.
The killer bee poisons you! The killer bee misses you.
The killer bee stings you but does no damage.
You climb upwards.
* * * LOW HITPOINT WARNING * * *
You feel sick.
There is a stone staircase leading down here.
You are confused.
You feel invigorated.
* * * LOW HITPOINT WARNING * * *
You feel sick. The killer bee barely misses you. The killer bee stings you.
You die...

####.#...###.# ..$. #..
#.........#... ... #..
#.##...#####.# ......
#.#.....# #.#
..#.###.#..##.# #.#
#.#..##.......####.#
#####....####...........
.......y.# #.########.#
#.@y# #..........# #..>..#.#
#..#########
.......#.####..#........
###.#####.......#.#######
.........####..#.#......
##.#####.## ##.#.#.####.
####........### .#.#.####.
.......<.........#.#....#.
######..#.########.#.###.##.


You could see 2 killer bees.

Vanquished Creatures
  An adder (D:4)
  An ooze (D:1)
  2 worms (D:3)
  2 leopard geckos
  4 orcs
  2 bats (D:1)
  2 giant cockroaches
  6 goblins
  3 hobgoblins
  2 jackals (D:5)
  A quokka (D:3)
  5 frilled lizards
  5 kobolds
  6 rats
42 creatures vanquished.

Vanquished Creatures (collateral kills)
  Terence (D:3)
  A worker ant (D:4)
  2 adders
  3 gnolls (D:2)
  A dart slug (D:3)
  A leopard gecko (D:1)
  4 orcs
  4 bats
  2 giant cockroaches (D:3)
  2 goblins
  7 jackals
  2 quokkas (D:2)
  A frilled lizard (D:3)
  4 kobolds
  5 rats
40 creatures vanquished.

Grand Total: 82 creatures vanquished

Notes
Turn   | Place    | Note
-------+----------+-------------------------------------------
     0 | D:1      | yevrey the Tengu Summoner began the quest for the Orb.
     0 | D:1      | Reached XP level 1. HP: 10/10 MP: 4/4
   120 | D:1      | Reached skill level 5 in Summonings
   374 | D:1      | Reached XP level 2. HP: 7/15 MP: 1/6
   750 | D:1      | Learned a level 2 spell: Call Imp
  1294 | D:1      | Reached XP level 3. HP: 14/20 MP: 7/7
  1299 | D:1      | Learned a level 3 spell: Call Canine Familiar
  2155 | D:2      | Reached skill level 1 in Armour
  2155 | D:2      | Reached XP level 4. HP: 23/24 MP: 2/8
  2351 | D:3      | Noticed a dagger
  2351 | D:3      | Noticed a dagger
  2555 | D:4      | Reached skill level 1 in Fighting
  2651 | D:3      | Found a hide-covered altar of Uskayaw.
  2837 | D:3      | Gained mutation: You can fly. [Tengu growth]
  2837 | D:3      | Reached XP level 5. HP: 15/29 MP: 6/10
  3044 | D:3      | Noticed Terence
  3070 | D:3      | Killed Terence
  3240 | D:3      | Reached skill level 1 in Shields
  3633 | D:5      | Entered Level 5 of the Dungeon
  3644 | D:5      | Found a staircase to the Ecumenical Temple.
  3653 | Temple   | Entered the Ecumenical Temple
  3818 | D:5      | Noticed an ogre
  3829 | D:5      | Noticed a phantom
  3858 | D:4      | Slain by a killer bee

Skill      XL: |  1  2  3  4  5 |
---------------+----------------+-----
Summonings     | 5 |  5.4
Armour         | 1 |  1.8
Fighting       | 1 |  1.2
Shields        | 1 |  1.0
Short Blades   | |  0.9
Dodging        | |  2.6
Stealth        | |  2.6
Spellcasting   | |  2.8

Action                   |  1- 3 |  4- 6 || total
-------------------------+-------+-------++-------
Melee: Dagger            |    96 |    57 ||   153
       Kick              |    11 |    15 ||    26
       Peck              |     8 |    13 ||    21
 Cast: Summon Small Mamm |    11 |       ||    11
       Call Canine Famil |     7 |    12 ||    19
       Call Imp          |     3 |     2 ||     5
  Use: Scroll            |       |     2 ||     2
       Potion            |       |     1 ||     1
 Stab: Sleeping          |     5 |     3 ||     8
  Eat: Chunk             |     5 |     6 ||    11
Armor: Robe              |    30 |     8 ||    38
Dodge: Dodged            |    77 |    62 ||   139
